 Dungeon Crawl Stone Soup version 0.22.0-34-g4f65f92 (webtiles) character file.

3518 shmeve the Blocker (level 9, -1/81 HPs)
             Began as a Minotaur Berserker on Aug 24, 2018.
             Was an Elder of Trog.
             Slain by a hound (2 damage)
             ... summoned by an orange crystal statue
             ... on level 7 of the Dungeon.
             The game lasted 00:17:53 (6912 turns).

shmeve the Blocker (Minotaur Berserker)             Turns: 6912, Time: 00:17:54

Health: -1/81      AC: 14    Str: 25    XL:     9   Next: 81%
Magic:  0/8        EV:  5    Int: -15 (4) God:    Trog [****..]
Gold:   447        SH:  0    Dex: 10    Spells: 8/8 levels left

rFire    . . .     SeeInvis .   a - +0 hand axe
rCold    . . .     Gourm    .   y - +2 large shield
rNeg     . . .     Faith    .   x - +0 plate armour
rPois    .         Spirit   .   (helmet restricted)
rElec    .         Reflect  .   (no cloak)
rCorr    +         Harm     .   f - +0 pair of gloves
MR       .....                  E - +0 pair of boots
Stlth    ..........             (no amulet)
HPRegen  0.23/turn              o - ring of resist corrosion
MPRegen  0.11/turn              b - +1 ring of slaying

@: confused, slowed, lost intelligence, drained, very slow
A: retaliatory headbutt, horns 2
a: Berserk, Trog's Hand, Brothers in Arms, Renounce Religion


You were on level 7 of the Dungeon.
You worshipped Trog.
Trog was greatly pleased with you.
You were not hungry.

You visited 1 branch of the dungeon, and saw 7 of its levels.

You collected 447 gold pieces.

Inventory:

Hand Weapons
 a - a +0 hand axe (weapon)
Missiles
 q - 3 throwing nets
 A - 11 tomahawks (quivered)
Armour
 f - a +0 pair of gloves (worn)
 x - a +0 plate armour (worn)
 y - a +2 large shield (worn)
 E - a +0 pair of boots (worn)
Jewellery
 b - a +1 ring of slaying (right hand)
 o - a ring of resist corrosion (left hand)
Wands
 w - a wand of disintegration (16)
Scrolls
 h - 6 scrolls of remove curse
 j - 2 scrolls of enchant weapon {unknown}
 k - 2 scrolls of random uselessness {unknown}
 l - 7 scrolls of identify {unknown}
 n - 5 scrolls of amnesia {unknown}
 p - a scroll of fear {unknown}
 u - a scroll of immolation {unknown}
 z - a scroll of vulnerability {unknown}
 F - a scroll of teleportation {unknown}
Potions
 d - 2 potions of curing {unknown}
 e - 3 potions of might {unknown}
 g - 2 potions of degeneration {unknown}
 i - a potion of invisibility {unknown}
 m - 2 potions of berserk rage {unknown}
 r - a potion of agility {unknown}
 s - 2 potions of haste {unknown}
 t - a potion of flight {unknown}
 v - a potion of cancellation {unknown}
 B - 2 potions of lignification {unknown}
 C - a potion of magic {unknown}
 D - a potion of heal wounds {unknown}
Comestibles
 c - 18 rations


   Skills:
 * Level 7.8(7.6) Fighting
 * Level 7.8(7.6) Axes
 * Level 5.4(5.2) Throwing
 + Level 5.2(5.0) Armour
 + Level 4.9(4.7) Dodging
 * Level 9.7(9.4) Shields


You had 8 spell levels left.
You didn't know any spells.
Your spell library was empty.

Dungeon Overview and Level Annotations

Branches:
Dungeon (7/15)             Temple (0/1) D:6

Altars:
Ashenzari
Dithmenos
Fedhas
Sif Muna
Trog
Uskayaw
Yredelemnul

Annotations:
D:7 1 runed door, exclusion: 4 orange crystal statues


Innate Abilities, Weirdness & Mutations

You reflexively headbutt those who attack you in melee.
You have a pair of horns on your head.


Message History

The hound bites you but does no damage.
The orange crystal statue glitters.
You resist with some effort.
The orange crystal statue fixes its piercing gaze on you.
Something tries to feed on your intellect!
The hound bites you but does no damage.
You hit the orange crystal statue but do no damage.
The orange crystal statue is almost destroyed.
You hit the howler monkey. You closely miss the big kobold. You miss the hound.
The howler monkey hits you but does no damage.
The big kobold hits you but does no damage.
The hound barely misses you.
The orange crystal statue glitters.
You resist with almost no effort.
The orange crystal statue glitters.
The howler monkey hits you.
* * * LOW HITPOINT WARNING * * *
The big kobold hits you but does no damage.
The hound bites you.
You die...

.....♣≈♣♣≈ #P≈≈≈.≈♣.# #.
......≈P.# ##♣≈≈≈...######## #.
.........#####..♣)...........# #.
...................###.#####.# #.
......)..###.##.#### #.# #.# #.
5.>....).###.##..####..#####.###.
.......))).)...................#.
........>.####K####....#####.#.##
####.###..#8.ZKh@8#.#.<# #.)...
#. #..#.#.oK#h#.#..# #.#.## ..
#..#...Kh.S# #..# #)#.# ###
#..#...[...# #.#.# #..#a......#.
#.#.## #..#F#...#.#.#. #####).#.#
#8.H..?8#...##.....###.
####+####...##.#.##.#.#
...#.##.#.###.##


You could see 4 orange crystal statues, a hippogriff, a black bear, a big
kobold, a bullfrog, a howler monkey, a hound, a worker ant, an adder, an orc, a
worker ant zombie and 3 kobolds.

Vanquished Creatures
  Pikel (D:7)
  The ghost of haltfire302 the Sneak, an amateur OpAs (D:4)
  A hippogriff (D:7)
  Eustachio (D:6)
  Menkaure (D:7)
  3 black bears
  4 slaves (D:7)
  2 ogres (D:7)
  2 centaurs
  4 bullfrogs
  2 gnoll sergeants
  4 scorpions
  2 killer bees (D:7)
  7 wights
  2 crimson imps
  7 hounds
  2 jellies
  An orc priest (D:3)
  2 orc wizards (D:4)
  A centaur skeleton (D:4)
  An iguana (D:4)
  7 worker ants
  A hound zombie (D:6)
  9 gnolls
  A howler monkey skeleton (D:6)
  6 adders
  2 shadow imps
  4 oozes
  5 worms
  A dart slug (D:2)
  5 leopard geckos
  13 orcs
  A ball python (D:3)
  13 bats
  5 giant cockroaches
  8 goblins
  7 hobgoblins
  5 jackals (D:3)
  4 quokkas
  8 frilled lizards
  13 kobolds
  A quokka zombie (D:3)
  7 rats
  A spectral orc (D:3)
178 creatures vanquished.

Vanquished Creatures (others)
  3 plants (D:7)
3 creatures vanquished.

Grand Total: 181 creatures vanquished

Notes
Turn   | Place    | Note
-------+----------+-------------------------------------------
     0 | D:1      | shmeve the Minotaur Berserker began the quest for the Orb.
     0 | D:1      | Reached XP level 1. HP: 19/19 MP: 0/0
    64 | D:1      | Reached XP level 2. HP: 24/27 MP: 1/1
   271 | D:1      | Reached skill level 1 in Throwing
   296 | D:1      | Reached XP level 3. HP: 33/33 MP: 2/2
   984 | D:2      | Reached ** piety under Trog
  1384 | D:2      | Reached XP level 4. HP: 34/40 MP: 3/3
  2094 | D:3      | Noticed a hand axe
  2094 | D:3      | Noticed a hand axe
  2095 | D:3      | Found a hide-covered altar of Uskayaw.
  2138 | D:3      | Reached XP level 5. HP: 34/47 MP: 4/4
  2326 | D:3      | Reached *** piety under Trog
  2779 | D:3      | Found a basalt altar of Yredelemnul.
  3068 | D:4      | Reached skill level 5 in Fighting
  3068 | D:4      | Reached skill level 5 in Axes
  3282 | D:4      | Found a deep blue altar of Sif Muna.
  3282 | D:4      | Found a shattered altar of Ashenzari.
  3282 | D:4      | Found a shadowy altar of Dithmenos.
  3326 | D:4      | Found a runed gate.
  3326 | D:4      | Found a runed gate.
  3326 | D:4      | Found a runed gate.
  3327 | D:4      | Noticed haltfire302's ghost (amateur OpAs)
  3343 | D:4      | Reached XP level 6. HP: 56/56 MP: 5/5
  3348 | D:4      | Killed haltfire302's ghost
  3519 | D:4      | Reached XP level 7. HP: 62/62 MP: 6/6
  4072 | D:4      | Reached skill level 1 in Shields
  4107 | D:5      | Entered Level 5 of the Dungeon
  4195 | D:5      | Reached skill level 2 in Shields
  4219 | D:5      | Reached skill level 3 in Shields
  4356 | D:5      | Reached skill level 4 in Shields
  4482 | D:5      | Found a blossoming altar of Fedhas.
  4795 | D:6      | Reached skill level 5 in Shields
  4866 | D:6      | Reached XP level 8. HP: 70/70 MP: 7/7
  4875 | D:6      | Reached skill level 6 in Shields
  5040 | D:6      | Found a staircase to the Ecumenical Temple.
  5048 | D:6      | Reached skill level 7 in Shields
  5285 | D:6      | Reached **** piety under Trog
  5330 | D:6      | Noticed Eustachio
  5346 | D:6      | Killed Eustachio
  5346 | D:6      | Reached skill level 8 in Shields
  5921 | D:7      | Noticed an orange crystal statue
  5922 | D:7      | Found a bloodstained altar of Trog.
  5922 | D:7      | Noticed Pikel
  5924 | D:7      | Noticed Menkaure
  5935 | D:7      | Killed Menkaure
  5935 | D:7      | Reached XP level 9. HP: 78/78 MP: 8/8
  5936 | D:7      | Killed Pikel
  5936 | D:7      | Reached skill level 9 in Shields
  6320 | D:7      | Reached skill level 5 in Throwing
  6321 | D:7      | Reached skill level 5 in Armour
  6558 | D:7      | Found a runed door.
  6577 | D:7      | Found the +10 large shield of Ignorance {rN+ Int-4}
  6865 | D:7      | Noticed an orange crystal statue
  6865 | D:7      | Noticed an orange crystal statue
  6865 | D:7      | Noticed an orange crystal statue
  6866 | D:7      | Found a runed door.
  6876 | D:7      | Lost intelligence.
  6908 | D:7      | HP: 4/81 [hound[an orange crystal statue] (1)]
  6912 | D:7      | HP: 1/81 [howler monkey[an orange crystal statue] (2)]
  6912 | D:7      | Slain by a hound

Skill      XL: |  1  2  3  4  5  6  7  8  9 |
---------------+----------------------------+-----
Axes           | 4 5 6 7 |  7.8
Fighting       | 4 5 6 7 |  7.8
Throwing       | 1 2 3 4 5 |  5.4
Armour         | 3 4 5 |  5.2
Dodging        | 3 4 |  4.9
Shields        | 5 8 9 |  9.7

Action                   |  1- 3 |  4- 6 |  7- 9 || total
-------------------------+-------+-------+-------++-------
Melee: Hand axe          |    73 |   110 |   297 ||   480
       Headbutt          |     5 |    24 |    59 ||    88
Throw: Tomahawk          |       |       |     7 ||     7
Invok: Berserk           |       |     2 |     6 ||     8
       Trog's Hand       |       |       |     3 ||     3
  Use: Scroll            |       |       |     1 ||     1
 Stab: Sleeping          |     1 |       |       ||     1
  Eat: Chunk             |     2 |     8 |    14 ||    24
       Ration            |       |       |     1 ||     1
Armor: Animal skin       |    19 |    23 |     1 ||    43
       Plate armour      |       |       |   266 ||   266
Dodge: Dodged            |    53 |    81 |   103 ||   237
Block: Large shield      |       |       |   196 ||   196
